 Dungeon Crawl Stone Soup version 0.20.1-1-g8b1a95d66d (webtiles) character file.

51 NullDivider the Charlatan (level 3, 0/23 HPs)
             Began as an Octopode Artificer on Nov 24, 2017.
             Slain by Crazy Yiuf
             ... wielding a +4 quarterstaff of chaos
              (7 damage)
             ... on level 2 of the Dungeon.
             The game lasted 00:06:14 (2129 turns).

NullDivider the Charlatan (Octopode Artificer)      Turns: 2129, Time: 00:06:15

Health: 0/23       AC:  1    Str: 11    XL:     3   Next: 83%
Magic:  5/5        EV: 14    Int: 13    God:
Gold:   61         SH:  0    Dex: 13    Spells: 2/2 levels left

rFire    . . .     SeeInvis .   a - +0 dagger (holy)
rCold    . . .     Gourm    .   (no shield)
rNeg     . . .     Faith    .   (helmet restricted)
rPois    .         Spirit   .   (no amulet)
rElec    .         Reflect  .   (no ring)
rCorr    .         Harm     .   (no ring)
MR       .....                  (no ring)
Stlth    +++.......             (no ring)
Regen    0.1/turn               (no ring)
MPRegen  0.1/turn               (no ring)
                                (no ring)
                                (no ring)

@: no status effects
A: almost no armour, stealthy swim, amphibious, 8 rings, constrict 8, camouflage
1, gelatinous body 1
a: no special abilities


You were on level 2 of the Dungeon.
You were near starving.

You visited 1 branch of the dungeon, and saw 2 of its levels.

You collected 61 gold pieces.

Inventory:

Hand Weapons
 a - a +0 dagger of holy wrath (weapon)
Wands
 b - a wand of flame (11/48)
 c - a wand of enslavement (15/24)
 d - a wand of random effects (15/48)
Scrolls
 g - a scroll of fear {unknown}
 h - a scroll of enchant weapon {unknown}
 k - a scroll of remove curse
 m - a scroll of identify {unknown}
 o - a scroll of recharging {unknown}
Potions
 e - a potion of ambrosia {unknown}
 i - a potion of agility {unknown}
 j - a potion of flight {unknown}
 l - a potion of heal wounds {unknown}
 p - a potion of curing {unknown}
Comestibles
 f - a bread ration
 n - a royal jelly


   Skills:
 + Level 1.6 Fighting
 + Level 1.5 Short Blades
 + Level 2.4 Dodging
 * Level 2.7 Stealth
 + Level 3.8 Evocations


You had 2 spell levels left.
You didn't know any spells.

Dungeon Overview and Level Annotations

Branches:
Dungeon (2/15)

Altars:
Qazlal

Annotations:
D:2 Crazy Yiuf


Innate Abilities, Weirdness & Mutations

You cannot wear most types of armour.
You are very stealthy in the water. (Stealth+)
You are amphibious.
You can wear up to eight rings at the same time.
You can use your tentacles to constrict eight enemies at once.
Your skin changes colour to match your surroundings (Stealth+).
Your rubbery body absorbs attacks. (AC +1, EV +1)


Message History

This wand has 13 charges left.
Crazy Yiuf completely misses you.
Evoke which item? (* to show all) (? for menu, Esc to quit)
Aiming: Throw Flame
Press: ? - help, Shift-Dir - straight line, f/p - Crazy Yiuf
Aim: Crazy Yiuf, wielding a quarterstaff of chaos and wearing a cloak (heavily wounded)
The puff of flame hits Crazy Yiuf.
Crazy Yiuf is heavily wounded.
This wand has 12 charges left.
Crazy Yiuf hits you with a quarterstaff of chaos!
Ouch! That really hurt!
Evoke which item? (* to show all) (? for menu, Esc to quit)
Aiming: Throw Flame
Press: ? - help, Shift-Dir - straight line, f/p - Crazy Yiuf
Aim: Crazy Yiuf, wielding a quarterstaff of chaos and wearing a cloak (heavily wounded)
The puff of flame hits Crazy Yiuf.
Crazy Yiuf is severely wounded.
This wand has 11 charges left.
Crazy Yiuf grits, "Walk!
Tosser eyeball verde."
Crazy Yiuf hits you with a quarterstaff of chaos!
You die...

##...#
#..##.###.##
##.##
##.##.###.##
##.#
#.#....#.##
#.##
#.#..#.#.##
##.#
#......#.##
#.##
#......#.##
##'##
#......#.##
#...#
#......#.##
#.@.#
#.#..#.#.##
#)g.#
#.#..#.#.##
#####
#.#..#.#)##
#.#..# #.##
#.## #.##
#.## #.# #.#


You could see Crazy Yiuf.

Vanquished Creatures
  An adder (D:2)
  3 dart slugs
  2 leopard geckos (D:2)
  3 bats (D:2)
  2 goblins (D:1)
  4 hobgoblins
  6 jackals (D:1)
  A ball python (D:1)
  3 frilled lizards (D:1)
  5 kobolds
  A rat (D:1)
31 creatures vanquished.

Notes
Turn   | Place    | Note
-------+----------+-------------------------------------------
     0 | D:1      | NullDivider the Octopode Artificer began the quest for the Orb.
     0 | D:1      | Reached XP level 1. HP: 13/13 MP: 3/3
   369 | D:1      | Reached XP level 2. HP: 17/18 MP: 4/4
  1080 | D:1      | Reached XP level 3. HP: 6/23 MP: 5/5
  1081 | D:1      | HP: 1/23 [jackal (2)]
  1430 | D:2      | Found a stormy altar of Qazlal.
  2117 | D:2      | Found a runed door.
  2121 | D:2      | Noticed Crazy Yiuf
  2129 | D:2      | Slain by Crazy Yiuf

Skill      XL: |  1  2 |
---------------+-------+-----
Stealth        | 2 |  2.7
Fighting       | |  1.6
Short Blades   | |  1.5
Dodging        | |  2.4
Evocations     | |  3.8

Action                   || total
-------------------------++-------
Melee: Dagger            ||    70
       Short sword       ||    11
       Constrict         ||    20
       Tentacles         ||    13
Evoke: Wand              ||     4
  Use: Scroll            ||     1
 Stab: Sleeping          ||     8
  Eat: Chunk             ||     2
Armor: Skin              ||     2
Dodge: Dodged            ||    42
